[Event "Titled Tuesday Blitz February 07 Early 2023"]
[White "Ciuffoletti, Paolo"]
[Black "Ramirez Allo, Eduardo"]
[WhiteFideId "807630"]
[BlackFideId "2224178"]
[WhiteElo "2106"]
[BlackElo "2274"]
[Result "0-1"]
[Round "04"]
[TimeControl "180+2"]
[Date "2023.02.07"]
[WhiteClock "0:00:02"]
[BlackClock "0:00:06"]

1. e4 c5 2. d4 cxd4 3. c3 dxc3 4. Nxc3 Nc6 5. Nf3 g6 6. Bc4 Bg7 7. O-O d6 8. Bf4 Nf6 9. Qd2 O-O 10. Bh6 Bg4 11. Bxg7 Kxg7 12. Nd4 Rc8 13. Bb3 a6 14. Kh1 Qb6 15. Nxc6 Rxc6 16. Rae1 Rfc8 17. Nd5 Nxd5 18. exd5 R6c7 19. Qg5 Bf5 20. h4 h6 21. Qf4 h5 22. Re3 Rc1 23. Rxc1 Rxc1+ 24. Kh2 Rc7 25. Qg5 Qd4 26. Rxe7 Rxe7 27. Qxe7 Qxf2 28. Qxd6 Qxh4+ 29. Kg1 Qe1+ 30. Kh2 h4 31. Qf4 h3 32. gxh3 Qe2+ 33. Kg3 Qxb2 34. d6 Qc3+ 35. Qf3 Qe5+ 36. Qf4 Qe1+ 37. Qf2 Qc3+ 38. Qf3 Qc5 39. Qd1 Qe5+ 40. Kg2 Be4+ 41. Kf2 Qf4+ 42. Ke1 Qg3+ 43. Kd2 Qg5+ 44. Kc3 Qe5+ 45. Qd4 Kf6 0-1


[Site "https://www.chess.com"]

[Event "Titled Tuesday Blitz February 07 Early 2023"]
[White "sabkeIXO"]
[Black "Good, Daniel"]
[BlackFideId "1302388"]
[WhiteElo "2467"]
[BlackElo "2141"]
[Result "1/2-1/2"]
[Round "04"]
[TimeControl "180+2"]
[Date "2023.02.07"]
[WhiteClock "0:00:25"]
[BlackClock "0:00:07"]

1. e4 d6 2. d4 Nf6 3. Nc3 g6 4. Bg5 Bg7 5. Qd2 c6 6. a4 e5 7. d5 h6 8. Bxf6 Bxf6 9. Nf3 c5 10. Bb5+ Bd7 11. O-O a6 12. Bxd7+ Nxd7 13. Ne2 Bg7 14. Ne1 O-O 15. c3 c4 16. Nc2 Nc5 17. Qe3 f5 18. exf5 gxf5 19. Na3 f4 20. Qh3 f3 21. gxf3 Qg5+ 22. Ng3 Nd3 23. Nxc4 Qe7 24. Qe6+ Qxe6 25. dxe6 d5 26. Nb6 Rae8 27. Nxd5 Rxe6 28. Kg2 Nxb2 29. Rab1 Nxa4 30. Rxb7 Rc8 31. Ne7+ Rxe7 32. Rxe7 Nxc3 33. Nf5 Bf8 34. Rxe5 Bb4 35. Nxh6+ Kg7 36. Ng4 a5 37. Ne3 a4 38. Nd5 Rc5 39. Re7+ Kf8 40. Nxc3 Kxe7 41. Nxa4 Rg5+ 42. Kh3 Ra5 43. Nb2 Rh5+ 44. Kg4 Rxh2 45. Nd3 Bd6 46. f4 Rg2+ 47. Kf3 Rh2 48. Ke4 Kf6 49. Rb1 Bc7 50. Rb7 Bd6 51. Rb6 Ke7 52. f3 Re2+ 53. Kd4 Rd2 54. Rb7+ Kf6 55. Rb6 Ke7 56. Ra6 Bxf4 57. Ra7+ Kf6 58. Ra6+ Ke7 59. Ke4 Bd6 60. Ra7+ Ke6 61. Nf4+ Bxf4 62. Kxf4 Kf6 63. Ra6+ Kf7 64. Kf5 Rd5+ 65. Kg4 Rb5 66. f4 Rc5 67. f5 Rc1 68. Ra7+ Kf8 69. Kg5 Rc6 70. Rb7 Ra6 71. Rd7 Rb6 72. Kf4 Rc6 73. Ke5 Ra6 74. Rd8+ Ke7 75. Rb8 Kf7 76. Rb7+ Kf8 77. f6 Ra1 78. Rb8+ Kf7 79. Rb7+ Kf8 80. Rb4 Re1+ 81. Kf5 Rf1+ 82. Rf4 Rxf4+ 83. Kxf4 Kf7 84. Kf5 Kf8 85. Ke6 Ke8 86. f7+ Kf8 87. Kf6 1/2-1/2


[Site "https://www.chess.com"]

[Event "Titled Tuesday Blitz February 07 Early 2023"]
[White "Mamedov, Edgar"]
[Black "Clawitter, Craig"]
[WhiteFideId "13739980"]
[BlackFideId "2023105"]
[WhiteElo "2193"]
[BlackElo "2050"]
[Result "1-0"]
[Round "04"]
[TimeControl "180+2"]
[Date "2023.02.07"]
[WhiteClock "0:00:50"]
[BlackClock "0:00:14"]

1. c4 e6 2. Nf3 Nf6 3. Nc3 d5 4. e3 c6 5. b3 Nbd7 6. Bb2 Bd6 7. Qc2 b6 8. Be2 Bb7 9. O-O O-O 10. d4 Rc8 11. e4 dxe4 12. Nxe4 Nxe4 13. Qxe4 Re8 14. Bd3 Nf6 15. Qh4 h6 16. Rad1 Qe7 17. Ne5 c5 18. Rfe1 cxd4 19. Qxd4 Red8 20. Qe3 Bb4 21. Rf1 Bc5 22. Qg3 Nh5 23. Qg4 Qg5 24. Qxg5 hxg5 25. Be2 Nf4 26. Bf3 Bxf3 27. Nxf3 f6 28. Bc1 Ne2+ 29. Kh1 Nc3 30. Rde1 Kf7 31. a3 Rd3 32. Bb2 Rcd8 33. b4 Be7 34. Re3 Nd1 35. Rxd3 Rxd3 36. Bc1 Nc3 37. Bxg5 Rd1 38. Rxd1 Nxd1 39. Be3 Nxe3 40. fxe3 a5 41. bxa5 bxa5 42. a4 e5 43. Nd2 Ke6 44. Nb3 Bb4 45. g4 g6 46. Kg2 f5 47. gxf5+ Kxf5 48. Kf3 g5 49. e4+ Ke6 50. Kg4 Kf6 51. c5 Ke6 52. Kxg5 Kd7 53. Kf5 Kc6 54. Kxe5 Bxc5 55. Nxc5 Kxc5 56. h4 Kb4 57. h5 Kxa4 58. h6 Kb3 59. h7 a4 60. h8=Q a3 61. Qb8+ 1-0


[Site "https://www.chess.com"]

[Event "Titled Tuesday Blitz February 07 Early 2023"]
[White "Iljin, Timofey"]
[Black "Dzhaparov, Medet"]
[WhiteFideId "14110180"]
[BlackFideId "13803689"]
[WhiteElo "2329"]
[BlackElo "1578"]
[Result "1-0"]
[Round "04"]
[TimeControl "180+2"]
[Date "2023.02.07"]
[WhiteClock "0:01:05"]
[BlackClock "0:00:13"]

1. d4 Nf6 2. c4 g6 3. Nc3 d5 4. cxd5 Nxd5 5. e4 Nxc3 6. bxc3 Bg7 7. Nf3 c5 8. Be2 Nc6 9. d5 Bxc3+ 10. Bd2 Bxa1 11. Qxa1 Nd4 12. Nxd4 cxd4 13. Qxd4 f6 14. O-O Bd7 15. Bh6 Qb6 16. Qa1 Qd6 17. f4 Qc5+ 18. Kh1 Rc8 19. Bf3 Bb5 20. Re1 Qc3 21. Qb1 Bd3 22. Qd1 Qc2 23. Qa1 Qc3 24. Qd1 Qc2 25. e5 fxe5 26. fxe5 Qxd1 27. Rxd1 Bf5 28. g4 Bc2 29. Rc1 e6 30. dxe6 Ke7 31. Bd5 Rc5 32. Bg5+ Ke8 33. Bxb7 h6 34. Be3 Rc3 35. Bd2 Rc5 36. Kg1 Rc4 37. h3 Ke7 38. Bd5 Rd4 39. Bb4+ Rxb4 40. Rxc2 Rd8 41. Rc7+ Ke8 42. Bc6+ 1-0


[Site "https://www.chess.com"]

[Event "Titled Tuesday Blitz February 07 Early 2023"]
[White "Podetti, Davide"]
[Black "Sailer, Mike"]
[WhiteFideId "893617"]
[BlackFideId "2012901"]
[WhiteElo "2281"]
[BlackElo "2109"]
[Result "1-0"]
[Round "04"]
[TimeControl "180+2"]
[Date "2023.02.07"]
[WhiteClock "0:00:29"]
[BlackClock "0:00:02"]

1. e4 g6 2. d4 Bg7 3. Nc3 c6 4. h3 d5 5. e5 h5 6. Nf3 Nh6 7. Bg5 Qb6 8. Qd2 Qxb2 9. Rb1 Qa3 10. Bd3 b5 11. O-O Bf5 12. Bxf5 Nxf5 13. e6 f6 14. Bf4 b4 15. Ne2 Na6 16. Rb3 Qxa2 17. Qd3 O-O 18. g4 hxg4 19. hxg4 g5 20. gxf5 gxf4 21. Nxf4 c5 22. Nxd5 Rfe8 23. Qe4 c4 24. Rbb1 b3 25. cxb3 cxb3 26. Nf4 Qc2 27. Nd3 Nb4 28. Nc5 Qxe4 29. Nxe4 a5 30. Rxb3 Nd5 31. Nc5 Bh6 32. Nh4 Nf4 33. Ng6 Ne2+ 34. Kg2 Nxd4 35. Rh3 Nxf5 36. Rg1 Kg7 37. Kf1 Rac8 38. Nxe7+ Kh7 39. Nxf5 Rxc5 40. Rxh6# 1-0


[Site "https://www.chess.com"]

[Event "Titled Tuesday Blitz February 07 Early 2023"]
[White "Yeritsyan, Hayk"]
[Black "Magallanes, Rey Jomar"]
[WhiteFideId "13307320"]
[BlackFideId "5205948"]
[WhiteElo "2241"]
[BlackElo "2052"]
[Result "1-0"]
[Round "04"]
[TimeControl "180+2"]
[Date "2023.02.07"]
[WhiteClock "0:00:29"]
[BlackClock "0:00:01"]

1. e4 c5 2. Nf3 d6 3. Bb5+ Bd7 4. Bxd7+ Qxd7 5. d4 cxd4 6. Qxd4 Nc6 7. Qe3 Nf6 8. Nc3 e6 9. O-O Be7 10. Rd1 a6 11. Qe2 Qc7 12. Bf4 Ng4 13. h3 Nge5 14. Nxe5 dxe5 15. Be3 O-O 16. Qg4 Rfd8 17. Ne2 Nb4 18. c3 Nd3 19. Rd2 Bc5 20. Rad1 Bxe3 21. Rxd3 Bc5 22. Ng3 Rxd3 23. Rxd3 Rd8 24. Nh5 Bf8 25. Rg3 g6 26. Nf6+ Kg7 27. Qh4 h6 28. Ng4 h5 29. Qf6+ Kh7 30. Nxe5 Bd6 31. Rd3 Be7 32. Qxf7+ 1-0


[Site "https://www.chess.com"]

[Event "Titled Tuesday Blitz February 07 Early 2023"]
[White "Nur-Mukhametova, Alisa"]
[Black "ritanovikova"]
[WhiteFideId "54117739"]
[WhiteElo "2170"]
[BlackElo "2202"]
[Result "0-1"]
[Round "04"]
[TimeControl "180+2"]
[Date "2023.02.07"]
[WhiteClock "0:00:09"]
[BlackClock "0:00:05"]

1. d4 Nf6 2. c4 e6 3. Nf3 d5 4. Nc3 Bb4 5. Qa4+ Nc6 6. Bg5 h6 7. Bxf6 Qxf6 8. e3 O-O 9. Bd3 dxc4 10. Bxc4 e5 11. d5 e4 12. Nd4 Nxd4 13. exd4 Bd6 14. O-O Qxd4 15. Rfe1 Qe5 16. g3 f5 17. Ne2 a6 18. Qc2 b5 19. Bb3 Bb7 20. Nf4 Rf6 21. Rad1 Re8 22. a4 g5 23. Ne6 Bc8 24. axb5 Bxe6 25. dxe6 axb5 26. Qc6 Re7 27. Rd5 Qxb2 28. Rxb5 Qd2 29. Rd1 Qb2 30. Rb8+ Kg7 31. Qa8 Qc3 32. Rg8+ Kh7 33. Rh8+ Kg6 34. Qg8+ Kh5 35. h4 Qxb3 0-1


[Site "https://www.chess.com"]

[Event "Titled Tuesday Blitz February 07 Early 2023"]
[White "Mirzanurov, Bulat"]
[Black "Ricaurte Lopez, Juan Carlos"]
[WhiteFideId "4184521"]
[BlackFideId "3600327"]
[WhiteElo "2232"]
[BlackElo "2226"]
[Result "1-0"]
[Round "04"]
[TimeControl "180+2"]
[Date "2023.02.07"]
[WhiteClock "0:00:09"]
[BlackClock "0:00:01"]

1. e4 e5 2. Nf3 d5 3. Nxe5 Bd6 4. d4 dxe4 5. Bc4 Bxe5 6. dxe5 Qxd1+ 7. Kxd1 Nc6 8. Bf4 Bg4+ 9. Ke1 O-O-O 10. Nc3 Nd4 11. Rc1 Ne7 12. Bg5 Rd7 13. Bxf7 Rf8 14. Bc4 Ng6 15. h3 Be6 16. Bxe6 Nxe6 17. Be3 Nxe5 18. Nxe4 Nc4 19. Ke2 Nxb2 20. Nd2 Na4 21. Nb3 Nc3+ 22. Ke1 b6 23. Bd2 Ne4 24. Be3 Rfd8 25. Ke2 Nc3+ 26. Kf3 c5 27. Bd2 Nd5 28. c4 Nf6 29. Be3 Rd3 30. Ke2 Ne4 31. g4 g5 32. h4 Nf4+ 33. Kf3 Nd6 34. hxg5 Rf8 35. Kg3 Ne2+ 36. Kg2 Nxc1 37. Rxc1 Ne4 38. Rh1 Rc3 39. Rxh7 Rc2 40. g6 Nxf2 41. g7 Nxg4+ 42. Kg3 Rg8 43. Rh8 Nf6 44. Bg5 Ne4+ 45. Kf4 1-0


[Site "https://www.chess.com"]

[Event "Titled Tuesday Blitz February 07 Early 2023"]
[White "Minko, Dmitry"]
[Black "Serpi, Andrea"]
[WhiteFideId "24188468"]
[BlackFideId "2847499"]
[WhiteElo "2247"]
[BlackElo "2191"]
[Result "0-1"]
[Round "04"]
[TimeControl "180+2"]
[Date "2023.02.07"]
[WhiteClock "0:00:02"]
[BlackClock "0:00:13"]

1. e4 e6 2. d4 d5 3. Nc3 Bb4 4. e5 c5 5. a3 Bxc3+ 6. bxc3 Ne7 7. h4 Qa5 8. Bd2 Qa4 9. Nf3 Nbc6 10. h5 b6 11. h6 gxh6 12. Bxh6 Ba6 13. Bg7 Rg8 14. Bf6 Bxf1 15. Kxf1 Qc4+ 16. Qd3 Qxd3+ 17. cxd3 cxd4 18. cxd4 Nf5 19. Rc1 Rc8 20. Rxh7 Nce7 21. Rxc8+ Nxc8 22. Ng5 Rf8 23. Nf3 Rg8 24. g3 Nce7 25. Ng5 Rf8 26. Nxe6 fxe6 27. g4 Rf7 28. Rh8+ Kd7 29. gxf5 Nxf5 30. Ra8 Kc6 31. Ke2 Nxd4+ 32. Kd2 Rh7 33. Re8 Rh3 34. Kc3 Nb5+ 35. Kd2 Nd4 36. Kc3 Nb5+ 37. Kb4 a5+ 38. Ka4 Nc3+ 39. Kb3 Rxd3 40. Rxe6+ Kb5 41. Kc2 Rf3 42. Re8 Ne4 43. Bh8 Rxf2+ 44. Kd3 Rf3+ 45. Kd4 Ng5 46. Kxd5 Rd3# 0-1


[Site "https://www.chess.com"]

[Event "Titled Tuesday Blitz February 07 Early 2023"]
[White "Larina, Maria"]
[Black "Andrews, Todd"]
[WhiteFideId "24113182"]
[BlackFideId "2012456"]
[WhiteElo "1948"]
[BlackElo "2220"]
[Result "1-0"]
[Round "04"]
[TimeControl "180+2"]
[Date "2023.02.07"]
[WhiteClock "0:00:06"]
[BlackClock "0:00:06"]

1. e4 e6 2. d4 d5 3. Nc3 Bb4 4. exd5 exd5 5. Bd3 Nc6 6. Ne2 Bg4 7. f3 Bh5 8. O-O Bg6 9. a3 Bxc3 10. bxc3 Nge7 11. Bg5 f6 12. Bh4 Qd7 13. Rb1 b6 14. Nf4 Bxd3 15. cxd3 O-O 16. Re1 Nf5 17. Bf2 Rfe8 18. Qd2 Na5 19. Qa2 c6 20. Rbd1 Qd6 21. Nh5 Kh8 22. Ng3 Nh4 23. c4 dxc4 24. dxc4 Rad8 25. d5 c5 26. Ne4 Qf4 27. Bg3 Nxf3+ 28. gxf3 Qxf3 29. Nd6 Rxe1+ 30. Rxe1 Rf8 31. Nf7+ Kg8 32. Nd6 f5 33. Qe2 Qxe2 34. Rxe2 f4 35. Bh4 h6 36. Re7 g5 37. Bf2 a6 38. Re6 Kg7 39. Kg2 Nb3 40. Ne4 b5 41. cxb5 axb5 42. d6 c4 43. d7 Rd8 44. Nf6 Kf7 45. Rc6 Nd2 46. Rc8 Ke7 47. Rxd8 Kxd8 48. Bb6+ Ke7 49. d8=Q+ Ke6 50. Qe8+ Kf5 51. Qd7+ Kg6 52. Bd4 f3+ 53. Kf2 g4 54. Qe8+ Kf5 55. Qe3 g3+ 56. hxg3 Nb3 57. Qe4+ Kg5 58. Qf4+ Kg6 59. Qg4+ Kf7 60. Kxf3 Nd2+ 61. Ke2 Nb3 62. Qd7+ Kg6 63. Qe8+ Kg5 64. Qg8+ Kf5 65. Be3 Ke5 66. Ng4+ Kd6 67. Qf8+ Kc6 68. Qe8+ Kd5 69. Qd7+ Ke4 70. Qe6# 1-0


[Site "https://www.chess.com"]

[Event "Titled Tuesday Blitz February 07 Early 2023"]
[White "Wahedi, Ahmad Siar"]
[Black "Osiecki, Stanislaw"]
[WhiteFideId "4651260"]
[BlackFideId "1102990"]
[WhiteElo "2274"]
[BlackElo "2055"]
[Result "1-0"]
[Round "04"]
[TimeControl "180+2"]
[Date "2023.02.07"]
[WhiteClock "0:01:24"]
[BlackClock "0:00:01"]

1. e4 e6 2. d4 d5 3. Nc3 Bb4 4. exd5 exd5 5. Bd3 Nc6 6. Ne2 Bg4 7. f3 Bh5 8. O-O Nge7 9. Bf4 O-O 10. a3 Bd6 11. Qd2 Bg6 12. Rae1 Bxd3 13. Qxd3 a6 14. Nd1 Re8 15. Nf2 Bxf4 16. Nxf4 Qd6 17. N2h3 Ng6 18. Nxg6 hxg6 19. c3 Qd7 20. Qd2 Rxe1 21. Rxe1 Re8 22. Nf4 Rxe1+ 23. Qxe1 Qe7 24. Qxe7 Nxe7 25. Kf2 Kf8 26. g4 Ke8 27. Nd3 Kd7 28. Nc5+ Kc6 29. a4 a5 30. Ke3 b6 31. Nd3 f6 32. Nf4 Kd6 33. h4 c5 34. h5 g5 35. Nd3 c4 36. Nc1 Kc6 37. f4 gxf4+ 38. Kxf4 b5 39. axb5+ Kxb5 40. Ke3 Kc6 41. Ne2 Kd6 42. Ng3 Ke6 43. Kf4 a4 44. g5 fxg5+ 45. Kxg5 Kf7 46. Ne2 Ng8 47. Nf4 Nf6 48. Kf5 Ke7 49. Ke5 Ne4 50. Nxd5+ Kd7 51. Kxe4 1-0


[Site "https://www.chess.com"]

[Event "Titled Tuesday Blitz February 07 Early 2023"]
[White "Baruch, Liam"]
[Black "Jimenez Almeida, Luis David"]
[WhiteFideId "14322064"]
[BlackFideId "22242244"]
[WhiteElo "1718"]
[BlackElo "2242"]
[Result "0-1"]
[Round "04"]
[TimeControl "180+2"]
[Date "2023.02.07"]
[WhiteClock "0:00:03"]
[BlackClock "0:00:05"]

1. e4 c6 2. d4 Na6 3. Nc3 Nc7 4. d5 d6 5. Nf3 g6 6. Bc4 b5 7. Be2 b4 8. Nb1 c5 9. c3 a5 10. O-O Bg7 11. Re1 Nf6 12. Bc4 Nd7 13. Bf4 Nb6 14. Bb3 O-O 15. Qc1 a4 16. Bc2 a3 17. bxa3 bxc3 18. Bh6 e6 19. Bxg7 Kxg7 20. Nxc3 Qf6 21. e5 dxe5 22. d6 Ncd5 23. Ne4 Qf4 24. Qxf4 exf4 25. Nxc5 Rxa3 26. Bb3 Rd8 27. Nd4 Ba6 28. Ne4 Bc4 29. Bxc4 Nxc4 30. Nc6 Rd7 31. Nb8 Rb7 32. Nc6 Ra6 33. Nd4 Rb8 34. Nc5 Rxd6 35. Rab1 Rxb1 36. Rxb1 Nc3 37. Nb5 Nxb5 38. Ne4 Rd4 39. f3 Nba3 40. Rc1 Ne3 41. Kf2 Nac2 42. a4 f5 43. Nc3 Rd2+ 44. Ne2 Rd5 45. Re1 g5 46. Rc1 Ra5 47. Nc3 Rc5 48. Nb5 Rc4 49. Nd6 Rxa4 50. Ne8+ Kg6 0-1


[Site "https://www.chess.com"]

[Event "Titled Tuesday Blitz February 07 Early 2023"]
[White "Turzo, Attila"]
[Black "Mohammadian, Mohammad"]
[WhiteFideId "704954"]
[BlackFideId "12566055"]
[WhiteElo "2279"]
[BlackElo "1398"]
[Result "1-0"]
[Round "04"]
[TimeControl "180+2"]
[Date "2023.02.07"]
[WhiteClock "0:00:12"]
[BlackClock "0:00:01"]

1. d4 Nf6 2. c4 g6 3. Nc3 d5 4. Nf3 Bg7 5. Qb3 dxc4 6. Qxc4 e6 7. e4 O-O 8. Be2 a6 9. O-O Nc6 10. Rd1 Qe8 11. d5 exd5 12. exd5 Ne5 13. Qxc7 Nxf3+ 14. Bxf3 Bg4 15. Bxg4 Nxg4 16. h3 Ne5 17. Qxb7 Nc4 18. d6 Rb8 19. Qd5 Nxb2 20. Bxb2 Rxb2 21. d7 Qd8 22. Ne4 Rb5 23. Nc5 Bxa1 24. Rxa1 Rxc5 25. Qxc5 Qxd7 26. Rc1 Qb5 27. Qe7 Qb2 28. Rc7 Qxa2 29. Ra7 Qb1+ 30. Kh2 Qb8+ 31. g3 Qb2 32. Kg2 Qb5 33. h4 Qd5+ 34. Kg1 Qd1+ 35. Kh2 Qc2 36. Qf6 Qc4 37. h5 1-0


[Site "https://www.chess.com"]

[Event "Titled Tuesday Blitz February 07 Early 2023"]
[White "Khokhlova, Daria"]
[Black "Mohammed, Zozek Salah Mohammed"]
[WhiteFideId "24182729"]
[BlackFideId "4803361"]
[WhiteElo "2111"]
[BlackElo "2210"]
[Result "1-0"]
[Round "04"]
[TimeControl "180+2"]
[Date "2023.02.07"]
[WhiteClock "0:00:21"]
[BlackClock "0:00:21"]

1. d4 Nf6 2. c4 c5 3. d5 g6 4. Nc3 Bg7 5. Nf3 O-O 6. g3 d6 7. Bg2 e6 8. O-O exd5 9. cxd5 a6 10. a4 Bg4 11. h3 Bxf3 12. Bxf3 Nbd7 13. Bf4 Qc7 14. Rc1 Rfe8 15. b4 b6 16. b5 Ne5 17. bxa6 Rxa6 18. Bg2 Nh5 19. Nb5 Qd7 20. Bd2 Rea8 21. g4 Nf6 22. f4 Nexg4 23. hxg4 Rxa4 24. Nc3 Rd4 25. e3 Rd3 26. Qe2 c4 27. g5 Ng4 28. Bh3 b5 29. Bxg4 Qb7 30. Bf3 b4 31. Ne4 Ra2 32. Rxc4 b3 33. Qxd3 1-0


[Site "https://www.chess.com"]

[Event "Titled Tuesday Blitz February 07 Early 2023"]
[White "Parkhov, Yair"]
[Black "Castillo Pena, Patricia Evarista"]
[WhiteFideId "2813408"]
[BlackFideId "6412106"]
[WhiteElo "2505"]
[BlackElo "1783"]
[Result "1-0"]
[Round "04"]
[TimeControl "180+2"]
[Date "2023.02.07"]
[WhiteClock "0:00:35"]
[BlackClock "0:01:22"]

1. d4 d5 2. Nf3 Nf6 3. c4 c6 4. Nc3 e6 5. Bg5 h6 6. Bh4 Nbd7 7. e3 Be7 8. Bd3 O-O 9. O-O b6 10. cxd5 exd5 11. Ne5 Bb7 12. f4 Rc8 13. Qf3 c5 14. Rad1 Re8 15. Bf5 Rc7 16. g4 Nxe5 17. dxe5 Ne4 18. Nxe4 dxe4 19. Rxd8 exf3 20. Rxe8+ Bf8 21. Rd1 g6 22. Rxf8+ Kxf8 23. Rd8+ 1-0


[Site "https://www.chess.com"]

[Event "Titled Tuesday Blitz February 07 Early 2023"]
[White "Mushini Ajay"]
[Black "Omelja, Artem"]
[WhiteFideId "35066188"]
[BlackFideId "14119846"]
[WhiteElo "2310"]
[BlackElo "2446"]
[Result "0-1"]
[Round "04"]
[TimeControl "180+2"]
[Date "2023.02.07"]
[WhiteClock "0:00:03"]
[BlackClock "0:00:09"]

1. e4 c5 2. Nf3 Nc6 3. Bb5 e6 4. Bxc6 bxc6 5. b3 d5 6. d3 Nf6 7. Qe2 Be7 8. c4 O-O 9. O-O a5 10. Nc3 Qc7 11. Re1 d4 12. Na4 e5 13. Bg5 Ne8 14. Bxe7 Qxe7 15. Qb2 Nc7 16. Qa3 Na6 17. h3 Nb4 18. Rad1 Nc2 19. Qxc5 Qxc5 20. Nxc5 Nxe1 21. Rxe1 f6 22. Nd2 a4 23. Nxa4 Rf7 24. Kh2 Be6 25. Rf1 g5 26. g3 f5 27. Kg2 g4 28. hxg4 fxg4 29. f4 gxf3+ 30. Rxf3 Bg4 31. Rxf7 Kxf7 32. Nf3 Bxf3+ 33. Kxf3 Kg6 34. Kg4 h5+ 35. Kh4 Kh6 36. g4 hxg4 37. Kxg4 Kg6 38. Kf3 Kf6 39. Ke2 Ke6 40. Kd2 Rh8 41. Kc2 Rh2+ 42. Kb1 Kd6 43. b4 Rd2 44. Nb2 c5 45. a4 cxb4 46. Ka2 Kc5 47. Kb3 Kb6 0-1


[Site "https://www.chess.com"]

[Event "Titled Tuesday Blitz February 07 Early 2023"]
[White "Kalajzic, Ivan"]
[Black "Florescu, Codrut-Constantin"]
[WhiteFideId "14506378"]
[BlackFideId "1202200"]
[WhiteElo "2062"]
[BlackElo "2259"]
[Result "1-0"]
[Round "04"]
[TimeControl "180+2"]
[Date "2023.02.07"]
[WhiteClock "0:01:01"]
[BlackClock "0:01:09"]

1. b3 d5 2. Bb2 Bf5 3. e3 h5 4. Nf3 e6 5. d4 Nf6 6. Bd3 Nbd7 7. Nbd2 c6 8. Ne5 Nxe5 9. dxe5 Nd7 10. Bxf5 exf5 11. Qf3 Qg5 12. h4 Qg4 13. Rh3 Nc5 14. Rg3 Qxf3 15. gxf3 Ne6 16. f4 Be7 17. Nf3 a5 18. a4 g6 19. O-O-O O-O 20. Rdg1 Rfb8 21. Nd4 Bxh4 22. Rh3 Bxf2 23. Rg2 Nxd4 24. Bxd4 Be1 25. e6 Kh7 26. Rh1 Bb4 27. exf7 Rf8 28. Rhg1 Rxf7 29. Rxg6 Be7 30. Bg7 Ba3+ 31. Kb1 1-0


[Site "https://www.chess.com"]

[Event "Titled Tuesday Blitz February 07 Early 2023"]
[White "Fernandez, Michael"]
[Black "Jiganchine, Roman"]
[WhiteFideId "5803560"]
[BlackFideId "2603667"]
[WhiteElo "2181"]
[BlackElo "2205"]
[Result "1-0"]
[Round "04"]
[TimeControl "180+2"]
[Date "2023.02.07"]
[WhiteClock "0:00:14"]
[BlackClock "0:00:19"]

1. b4 d5 2. Bb2 e6 3. Nf3 Nf6 4. b5 c6 5. a4 Bd6 6. e3 Qe7 7. c4 O-O 8. Be2 e5 9. cxd5 cxd5 10. O-O Bg4 11. d4 Bxf3 12. Bxf3 e4 13. Be2 Nbd7 14. Qb3 h5 15. Nc3 Qe6 16. Rfc1 Rfc8 17. a5 h4 18. h3 g5 19. Ba3 Bxa3 20. Qxa3 Nf8 21. Bd1 Qf5 22. Qd6 Rd8 23. Qe5 Qxe5 24. dxe5 Ne8 25. Bb3 Ng6 26. Bxd5 Nxe5 27. Bxb7 Rab8 28. Bxe4 Nf6 29. Bc6 Nd3 30. Rd1 g4 31. hxg4 Nxg4 32. Ne4 f5 33. Ng5 Ngxf2 34. Rd2 Ne4 35. Nxe4 fxe4 36. Bxe4 Nc5 37. Rxd8+ Kg7 38. Rxb8 1-0


[Site "https://www.chess.com"]

[Event "Titled Tuesday Blitz February 07 Early 2023"]
[White "Kornyukov, Alexey"]
[Black "Mazurkiewicz, Michal"]
[WhiteFideId "4150457"]
[BlackFideId "1124943"]
[WhiteElo "2452"]
[BlackElo "2145"]
[Result "0-1"]
[Round "04"]
[TimeControl "180+2"]
[Date "2023.02.07"]
[WhiteClock "0:00:21"]
[BlackClock "0:00:56"]

1. e4 d6 2. d4 Nf6 3. Nc3 c6 4. Nf3 Bg4 5. Bc4 e6 6. h3 Bh5 7. g4 Bg6 8. Qe2 d5 9. exd5 cxd5 10. Bb5+ Nc6 11. Ne5 Qb6 12. Na4 Qc7 13. Bf4 Bd6 14. Bxc6+ bxc6 15. Qa6 O-O 16. O-O-O Rab8 17. Bg3 Ne4 18. Nxg6 hxg6 19. Bxd6 Qxd6 20. h4 Nxf2 21. h5 g5 22. h6 g6 23. h7+ Kh8 24. Qe2 Nxh1 25. Rxh1 Qf4+ 26. Kb1 Qxd4 27. Qf3 f5 28. Rd1 fxg4 29. Qe2 Qf6 30. Nc5 Qxb2# 0-1


[Site "https://www.chess.com"]

[Event "Titled Tuesday Blitz February 07 Early 2023"]
[White "Ruiz Aguilar, Pablo Alexander"]
[Black "Horak, Martin"]
[WhiteFideId "4401352"]
[BlackFideId "367095"]
[WhiteElo "2161"]
[BlackElo "2266"]
[Result "1-0"]
[Round "04"]
[TimeControl "180+2"]
[Date "2023.02.07"]
[WhiteClock "0:00:14"]
[BlackClock "0:00:04"]

1. e4 c5 2. Nf3 Nc6 3. d4 cxd4 4. Nxd4 Nf6 5. Nc3 e5 6. Ndb5 d6 7. Bg5 a6 8. Bxf6 gxf6 9. Na3 b5 10. Nd5 Bg7 11. c4 f5 12. cxb5 Nd4 13. Nc4 axb5 14. Ncb6 Rb8 15. Nxc8 Rxc8 16. Bd3 O-O 17. exf5 e4 18. f6 Bxf6 19. Bxe4 Re8 20. Qg4+ Kh8 21. O-O Rg8 22. Qh5 Rg7 23. Rac1 Rc5 24. Rxc5 dxc5 25. Nxf6 Qxf6 26. Qxc5 Ne2+ 27. Kh1 Rg5 28. Qc8+ Kg7 29. Bf3 Nd4 30. Qc3 Nxf3 31. gxf3 Qxc3 32. bxc3 Rc5 33. Rb1 Rxc3 34. Rxb5 Rc2 35. a4 Rxf2 36. Rf5 Kg6 37. Rf4 f5 38. Kg1 Ra2 39. Rb4 Kg5 40. h3 h6 41. Kf1 Kh5 42. Ke1 Kg5 43. Kd1 Rf2 44. f4+ Kh5 45. Rb5 Ra2 46. a5 Kh4 47. Rxf5 Kxh3 48. Rh5+ Kg4 49. Rxh6 Kxf4 50. Rh5 Ke4 51. Kc1 Kd4 52. Kb1 Ra4 53. Rh4+ 1-0


[Site "https://www.chess.com"]

[Event "Titled Tuesday Blitz February 07 Early 2023"]
[White "Torres Dominguez, David"]
[Black "Dinu, Dumitru-Daniel"]
[WhiteFideId "2220857"]
[BlackFideId "1208403"]
[WhiteElo "1994"]
[BlackElo "2203"]
[Result "0-1"]
[Round "04"]
[TimeControl "180+2"]
[Date "2023.02.07"]
[WhiteClock "0:01:21"]
[BlackClock "0:00:10"]

1. e4 c5 2. Nc3 Nc6 3. Bb5 Nd4 4. Bc4 e6 5. Nf3 a6 6. Nxd4 cxd4 7. Ne2 b5 8. Bd3 e5 9. O-O g6 10. f4 d6 11. a4 Bd7 12. axb5 axb5 13. Rxa8 Qxa8 14. fxe5 dxe5 15. c3 Bg7 16. cxd4 exd4 17. Qb3 Nf6 18. Bxb5 O-O 19. Bxd7 Nxd7 20. d3 Nc5 21. Qc4 Qa7 22. Kh1 Ne6 23. Nf4 Nxf4 24. Bxf4 Qb7 25. Bd6 Rc8 26. Qa2 Rd8 27. Ba3 h5 28. Qc4 Rd7 29. h3 Rc7 30. Qa2 Qb5 31. Qb1 Qb3 32. Qd1 Rc2 33. Qf3 Rd2 34. e5 Rxd3 35. Qa8+ Kh7 36. e6 Qxe6 37. Qb7 Re3 38. Qxf7 Qxf7 39. Rxf7 d3 40. Rd7 Kh6 41. h4 Re1+ 42. Kh2 Rd1 43. Bb4 g5 44. hxg5+ Kg6 45. Rd6+ Kxg5 46. Rd5+ Kg6 47. Rd6+ Kf5 48. Rd5+ Be5+ 49. g3 Ke4 50. Rd8 h4 51. Kg2 hxg3 52. Re8 Rc1 53. Bd6 d2 54. Rxe5+ Kd4 0-1


[Site "https://www.chess.com"]